PA
HAMMOND HERONS @ MANCELONA TORCH
07/20/2023
 
TOP OF THE 1ST
Hammond Herons batting - Pitching for Mancelona Torch : RHP Valentín Robles
Pitching: RHP Valentín Robles
Batting: RHB Pancho Núñez 0-0: Bunted foul
0-1: Foul Ball, location: 2F
0-2: Ground out U3 (Groundball, 3)
Batting: RHB Theodore York 0-0: Ball
1-0: Ball
2-0: Called Strike
2-1: Foul Ball, location: 2F
2-2: Foul Ball, location: 2F
2-2: Strikes out swinging
Batting: RHB António Guzmán 0-0: Called Strike
0-1: Foul Ball, location: 2F
0-2: Foul Ball, location: 2F
0-2: Ball
1-2: Fly out, F8 (Flyball, 8LXD)
Top of the 1st over - 0 run(s), 0 hit(s), 0 error(s), 0 left on base; Hammond 0 - Mancelona 0
BOTTOM OF THE 1ST
Mancelona Torch batting - Pitching for Hammond Herons : LHP Francisco Gonsáles
Pitching: LHP Francisco Gonsáles
Batting: RHB Ron Thomas 0-0: Called Strike
0-1: Called Strike
0-2: Foul Ball, location: 2F
0-2: Ball
1-2: Ball
2-2: Ball
3-2: Fly out, F1 (Line Drive, 13S)
Batting: LHB Manuel Carmona 0-0: Ball
1-0: Ball
2-0: Bunt for hit - play at first, batter OUT! 5-3
Batting: RHB Ricardo Cardenas 0-0: Ball
1-0: Swinging Strike
1-1: Swinging Strike
1-2: Foul Ball, location: 2F
1-2: Ball
2-2: Ball
3-2: Base on Balls
Batting: RHB Juan Carlos Cruz 0-0: Ball
1-0: Ground out U3 (Groundball, 3)
Bottom of the 1st over - 0 run(s), 0 hit(s), 0 error(s), 1 left on base; Hammond 0 - Mancelona 0
TOP OF THE 2ND
Hammond Herons batting - Pitching for Mancelona Torch : RHP Valentín Robles
Batting: LHB Ferris Minor 0-0: Called Strike
0-1: Ball
1-1: Ball
2-1: Foul Ball, location: 2F
2-2: Ball
3-2: Base on Balls
Batting: RHB Fernando Martínez 0-0: Ball
1-0: Fly out, F8 (Flyball, 8LM)
Batting: RHB Alfonso Pérez 0-0: Called Strike
0-1: Ball
1-1: Ball
2-1: Ball
3-1: Base on Balls
Ferris Minor to second
Batting: RHB Joel Galindo 0-0: Ball
1-0: Called Strike
1-1: Ball
2-1: Ground out 5-3 (Groundball, 56S)
Ferris Minor to third
Alfonso Pérez to second
Batting: SHB Will Boyle 0-0: Called Strike
0-1: Ball
1-1: Foul Ball, location: 2F
1-2: Foul Ball, location: 2F
1-2: Ball
2-2: Ball
3-2: Base on Balls
Batting: RHB Sergio Pérez 0-0: Fly out, F7 (Flyball, 78M)
Top of the 2nd over - 0 run(s), 0 hit(s), 0 error(s), 3 left on base; Hammond 0 - Mancelona 0
BOTTOM OF THE 2ND
Mancelona Torch batting - Pitching for Hammond Herons : LHP Francisco Gonsáles
Batting: LHB José Hernández 0-0: Ball
1-0: Foul Ball, location: 2F
1-1: Ball
2-1: SINGLE (Groundball, 56)
Batting: LHB Jim Unknown 0-0: Ball
1-0: Foul Ball, location: 2F
1-1: Ball
José Hernández steals 2nd base
2-1: Ball
3-1: Foul Ball, location: 2F
3-2: Foul Ball, location: 2F
3-2: DOUBLE (Flyball, 89D)
José Hernández scores
Batting: RHB Juan Báez 0-0: Called Strike
0-1: Ball
1-1: DOUBLE (Line Drive, 7LM)
Jim Unknown scores
Batting: RHB Bert Cook 0-0: Ball
1-0: Called Strike
1-1: Swinging Strike
1-2: Ball
2-2: Fly out, F2 (Popup, 23F)
Batting: RHB Jim Unknown 0-0: Called Strike
0-1: Ball
1-1: Called Strike
1-2: Ball
2-2: Ball
3-2: Base on Balls
Batting: RHB Ron Thomas 0-0: Ball
1-0: Foul Ball, location: 2F
1-1: Ground out 5-3 (Groundball, 5S)
Juan Báez to third
Jim Unknown to second
Batting: LHB Manuel Carmona 0-0: Ball
1-0: Called Strike
1-1: Ball
2-1: Swinging Strike
2-2: Foul Ball, location: 2F
2-2: Strikes out swinging
Bottom of the 2nd over - 2 run(s), 3 hit(s), 0 error(s), 2 left on base; Hammond 0 - Mancelona 2
TOP OF THE 3RD
Hammond Herons batting - Pitching for Mancelona Torch : RHP Valentín Robles
Batting: RHB Pancho Núñez 0-0: Called Strike
0-1: Ground out 6-3 (Groundball, 6)
Batting: RHB Theodore York 0-0: Ball
1-0: Ball
2-0: Called Strike
2-1: Swinging Strike
2-2: Strikes out swinging
Batting: RHB António Guzmán 0-0: Called Strike
0-1: Ball
1-1: Foul Ball, location: 2F
1-2: DOUBLE (Flyball, 89D)
Batting: LHB Ferris Minor 0-0: Ball
1-0: Foul Ball, location: 2F
1-1: Swinging Strike
1-2: Strikes out looking
Top of the 3rd over - 0 run(s), 1 hit(s), 0 error(s), 1 left on base; Hammond 0 - Mancelona 2
BOTTOM OF THE 3RD
Mancelona Torch batting - Pitching for Hammond Herons : LHP Francisco Gonsáles
Batting: RHB Ricardo Cardenas 0-0: Swinging Strike
0-1: Swinging Strike
0-2: Ground out 6-3 (Groundball, 6M)
Batting: RHB Juan Carlos Cruz 0-0: Foul Ball, location: 2F
0-1: Swinging Strike
0-2: Fly out, F9 (Flyball, 89S)
Batting: LHB José Hernández 0-0: Ground out 4-3 (Groundball, 4)
Bottom of the 3rd over - 0 run(s), 0 hit(s), 0 error(s), 0 left on base; Hammond 0 - Mancelona 2
TOP OF THE 4TH
Hammond Herons batting - Pitching for Mancelona Torch : RHP Valentín Robles
Batting: RHB Fernando Martínez 0-0: Ball
1-0: Ball
2-0: Foul Ball, location: 2F
2-1: Foul Ball, location: 2F
2-2: Strikes out swinging
Batting: RHB Alfonso Pérez 0-0: Ball
1-0: Ground out 6-3 (Groundball, 6)
Batting: RHB Joel Galindo 0-0: Called Strike
0-1: Ball
1-1: Ground out 4-3 (Groundball, 4M)
Top of the 4th over - 0 run(s), 0 hit(s), 0 error(s), 0 left on base; Hammond 0 - Mancelona 2
BOTTOM OF THE 4TH
Mancelona Torch batting - Pitching for Hammond Herons : LHP Francisco Gonsáles
Batting: LHB Jim Unknown 0-0: SOLO HOME RUN (Flyball, 8LXD), Distance : 438 ft
Batting: RHB Juan Báez 0-0: Ground out 5-3 (Groundball, 5S)
Batting: RHB Bert Cook 0-0: Foul Ball, location: 2F
0-1: Ball
1-1: Ball
2-1: Ball
3-1: Fly out, F7 (Flyball, 7M)
Batting: RHB Jim Unknown 0-0: Ball
1-0: Ball
2-0: Ball
3-0: Base on Balls
Batting: RHB Ron Thomas 0-0: Called Strike
0-1: Ball
1-1: Swinging Strike
1-2: Ball
2-2: Fly out, F9 (Flyball, 9D)
Bottom of the 4th over - 1 run(s), 1 hit(s), 0 error(s), 1 left on base; Hammond 0 - Mancelona 3
TOP OF THE 5TH
Hammond Herons batting - Pitching for Mancelona Torch : RHP Valentín Robles
Batting: SHB Will Boyle 0-0: Called Strike
0-1: Foul Ball, location: 2F
0-2: Strikes out swinging
Batting: RHB Sergio Pérez 0-0: Ball
1-0: Called Strike
1-1: SINGLE (Line Drive, 34D)
Batting: RHB Pancho Núñez 0-0: Ball
1-0: Ball
2-0: Ball
3-0: Called Strike
3-1: Foul Ball, location: 2F
3-2: Reached on error, E6 (Groundball, 6)
Sergio Pérez to second
Batting: RHB Theodore York 0-0: SINGLE (Groundball, 4MD) (infield hit)
Sergio Pérez to third
Pancho Núñez to second
Batting: RHB António Guzmán 0-0: Ball
1-0: Foul Ball, location: 2F
1-1: Called Strike
1-2: Ball
2-2: Ball
3-2: Fly out, F8 (Flyball, 78XD)
Runner from 3rd tags up, SCORES, no throw
Pancho Núñez to third
Batting: LHB Ferris Minor 0-0: Called Strike
0-1: Ground out 3-1 (Groundball, 34)
Top of the 5th over - 1 run(s), 2 hit(s), 1 error(s), 2 left on base; Hammond 1 - Mancelona 3
BOTTOM OF THE 5TH
Mancelona Torch batting - Pitching for Hammond Herons : LHP Francisco Gonsáles
Batting: LHB Manuel Carmona 0-0: Ball
1-0: Called Strike
1-1: Ball
2-1: DOUBLE (Flyball, 7LS)
Batting: RHB Ricardo Cardenas 0-0: Foul Ball, location: 2F
0-1: Ball
1-1: Swinging Strike
1-2: Ball
2-2: Strikes out looking
Pitching: RHP Manuel Sánchez
Batting: RHB Juan Carlos Cruz 0-0: Called Strike
0-1: Ball
Manuel Carmona is caught stealing 3rd base
1-1: SINGLE (Flyball, 4D)
Batting: LHB José Hernández 0-0: Called Strike
0-1: Foul Ball, location: 2F
0-2: Strikes out swinging
Bottom of the 5th over - 0 run(s), 2 hit(s), 0 error(s), 1 left on base; Hammond 1 - Mancelona 3
TOP OF THE 6TH
Hammond Herons batting - Pitching for Mancelona Torch : RHP Valentín Robles
Batting: RHB Fernando Martínez 0-0: Called Strike
0-1: Called Strike
0-2: Strikes out swinging
Batting: RHB Alfonso Pérez 0-0: Swinging Strike
0-1: Swinging Strike
0-2: DOUBLE (Groundball, 3L)
Batting: RHB Joel Galindo 0-0: Foul Ball, location: 2F
0-1: Fly out, F8 (Flyball, 8RM)
Batting: SHB Will Boyle 0-0: Ball
1-0: Called Strike
1-1: Ball
2-1: Foul Ball, location: 2F
2-2: Foul Ball, location: 2F
2-2: Foul Ball, location: 2F
2-2: Foul Ball, location: 2F
2-2: Ball
3-2: Foul Ball, location: 2F
3-2: Strikes out swinging
Top of the 6th over - 0 run(s), 1 hit(s), 0 error(s), 1 left on base; Hammond 1 - Mancelona 3
BOTTOM OF THE 6TH
Mancelona Torch batting - Pitching for Hammond Herons : RHP Manuel Sánchez
Batting: LHB Jim Unknown 0-0: Swinging Strike
0-1: Ball
1-1: Swinging Strike
1-2: Ball
2-2: Strikes out looking
Batting: RHB Juan Báez 0-0: Ball
1-0: Called Strike
1-1: Swinging Strike
1-2: Foul Ball, location: 2F
1-2: Strikes out swinging
Batting: RHB Bert Cook 0-0: Bunt for hit - play at first, batter OUT! 1-3
Bottom of the 6th over - 0 run(s), 0 hit(s), 0 error(s), 0 left on base; Hammond 1 - Mancelona 3
TOP OF THE 7TH
Hammond Herons batting - Pitching for Mancelona Torch : RHP Valentín Robles
Batting: RHB Sergio Pérez 0-0: Called Strike
0-1: Ball
1-1: Ball
2-1: Swinging Strike
2-2: Strikes out swinging
Batting: RHB Pancho Núñez 0-0: Called Strike
0-1: Swinging Strike
0-2: Ball
1-2: Strikes out swinging
Batting: RHB Theodore York 0-0: Called Strike
0-1: Ball
1-1: Ball
2-1: Foul Ball, location: 2F
2-2: Strikes out looking
Top of the 7th over - 0 run(s), 0 hit(s), 0 error(s), 0 left on base; Hammond 1 - Mancelona 3
BOTTOM OF THE 7TH
Mancelona Torch batting - Pitching for Hammond Herons : RHP Manuel Sánchez
Batting: RHB Jim Unknown 0-0: Foul Ball, location: 2F
0-1: Foul Ball, location: 2F
0-2: Ball
1-2: Ball
2-2: Strikes out swinging
Batting: RHB Ron Thomas 0-0: Called Strike
0-1: Ground out 4-3 (Groundball, 4)
Batting: LHB Manuel Carmona 0-0: Ball
1-0: Foul Ball, location: 2F
1-1: Foul Ball, location: 2F
1-2: Foul Ball, location: 2F
1-2: Ball
2-2: Ball
3-2: Hit by Pitch
Batting: RHB Ricardo Cardenas 0-0: Called Strike
0-1: Called Strike
0-2: Foul Ball, location: 2F
0-2: Strikes out swinging
Bottom of the 7th over - 0 run(s), 0 hit(s), 0 error(s), 1 left on base; Hammond 1 - Mancelona 3
TOP OF THE 8TH
Hammond Herons batting - Pitching for Mancelona Torch : RHP Valentín Robles
Pitching: RHP Jim Unknown
Batting: RHB António Guzmán 0-0: Called Strike
0-1: Called Strike
0-2: Strikes out swinging
Batting: LHB Ferris Minor 0-0: Ball
1-0: Foul Ball, location: 2F
1-1: Ball
2-1: Ball
3-1: Swinging Strike
3-2: Strikes out swinging
Batting: RHB Fernando Martínez 0-0: Called Strike
0-1: Ball
1-1: Swinging Strike
1-2: Ball
2-2: Foul Ball, location: 2F
2-2: Foul Ball, location: 2F
2-2: Foul Ball, location: 2F
2-2: Strikes out swinging
Top of the 8th over - 0 run(s), 0 hit(s), 0 error(s), 0 left on base; Hammond 1 - Mancelona 3
BOTTOM OF THE 8TH
Mancelona Torch batting - Pitching for Hammond Herons : RHP Manuel Sánchez
Batting: RHB Juan Carlos Cruz 0-0: Called Strike
0-1: Ball
1-1: Reached on error, E5 (Groundball, 56S)
Batting: LHB José Hernández 0-0: Swinging Strike
0-1: Foul Ball, location: 2F
0-2: Ball
1-2: Strikes out swinging
Batting: LHB Jim Unknown 0-0: Intentional Walk
Pitching: RHP Jorge Vázquez
Batting: RHB Juan Báez 0-0: Ball
1-0: Called Strike
1-1: Swinging Strike
1-2: Ball
2-2: Ball
3-2: Strikes out swinging
Pinch Hitting: RHB Henry Lambright 0-0: Ball
1-0: Ball
2-0: Ball
3-0: Called Strike
3-1: Called Strike
3-2: Ground out 6-3 (Groundball, 6)
Bottom of the 8th over - 0 run(s), 0 hit(s), 1 error(s), 2 left on base; Hammond 1 - Mancelona 3
TOP OF THE 9TH
Hammond Herons batting - Pitching for Mancelona Torch : RHP Jim Unknown
Now at 2B: Jim Unknown
Batting: RHB Alfonso Pérez 0-0: Ball
1-0: Ground out 4-3 (Groundball, 4M)
Batting: RHB Joel Galindo 0-0: Called Strike
0-1: Ball
1-1: Fly out, F9 (Flyball, 9M)
Batting: SHB Will Boyle 0-0: Called Strike
0-1: Foul Ball, location: 2F
0-2: Foul Ball, location: 2F
0-2: Strikes out swinging
Top of the 9th over - 0 run(s), 0 hit(s), 0 error(s), 0 left on base; Hammond 1 - Mancelona 3
This league is powered by Out of the Park Baseball, the baseball management simulation game for PC, Mac and Linux
Friday, July 8th, 2016 - OOTP Baseball 16.9 Build 39